 Dungeon Crawl Stone Soup version 0.17-b1-20-g63edfd6 (webtiles) character file.

11613 radek the Thaumaturge (level 11, -23/64 HPs)
             Began as a Deep Elf Conjurer on Nov 4, 2015.
             Was a Follower of Vehumet.
             Annihilated by Maud
             ... wielding a +0 glaive of protection
              (25 damage)
             ... on level 10 of the Dungeon.
             The game lasted 00:59:32 (13612 turns).

radek the Thaumaturge (Deep Elf Conjurer)          Turns: 13612, Time: 00:59:32

Health: -23/64     AC: 11    Str:  6    XL:     11   Next: 51%
Magic:  3/28       EV: 20    Int: 25    God:    Vehumet [*.....]
Gold:   476        SH:  0    Dex: 15    Spells: 2 memorised, 26 levels left

rFire  . . .     SeeInvis .     K - +1 flail (protect)
rCold  . . .     Clarity  .     m - +0 robe
rNeg   . . .     SustAt   .     (no shield)
rPois  .         Gourm    .     s - +2 helmet
rElec  .         Spirit   .     (no cloak)
rCorr  .         Warding  .     T - +0 pair of gloves
rMut   .         Stasis   .     (no boots)
MR     +....                    (no amulet)
Stlth  ++........               X - +2 ring of evasion
                                q - +2 ring of intelligence

@: invisible, somewhat resistant to hostile enchantments, unstealthy
A: no striking features
a: Renounce Religion


You were on level 10 of the Dungeon.
You worshipped Vehumet.
Vehumet was aware of your devotion.
You were not hungry.

You visited 2 branches of the dungeon, and saw 11 of its levels.

You collected 625 gold pieces.
You spent 149 gold pieces at shops.

Inventory:

Hand Weapons
 r - a +0 war axe
 v - a +0 morningstar of holy wrath
 D - a +1 flail of draining
 K - a +1 flail of protection (weapon)
 Q - a +3 scimitar of flaming
 S - the +5 shortbow of the Rattle-Snake {flame, Dex+4}
   (You found it on level 8 of the Dungeon)

   It causes projectiles fired from it to burn those they strike, causing extra
   injury to most foes and up to half again as much damage against particularly
   susceptible opponents.
   It affects your dexterity (+4).
 W - a +1 antimagic dagger
Armour
 a - a +0 robe
 m - a +0 robe (worn)
 s - a +2 helmet (worn)
 t - a +2 pair of gloves
 T - a +0 pair of gloves (worn)
Jewellery
 p - an uncursed ring of poison resistance
 q - a +2 ring of intelligence (left hand)
 w - an uncursed ring of sustain attributes
 y - an uncursed ring of sustain attributes
 N - a +2 ring of slaying
 X - a +2 ring of evasion (right hand)
Wands
 u - a wand of random effects (45)
 H - a wand of polymorph (7)
 J - a wand of digging (6)
 L - a wand of enslavement (13)
 M - a wand of lightning (0)
 O - a wand of draining (6)
Scrolls
 d - 3 scrolls of teleportation
 e - 4 scrolls of magic mapping
 l - 3 scrolls of recharging
 o - 2 scrolls of identify
 x - 5 scrolls of remove curse
 E - a scroll of noise
 R - a scroll of fog
Potions
 f - a potion of invisibility
 i - 2 potions of flight
 j - a potion of haste
 k - a potion of brilliance
 n - a potion of poison
 A - 6 potions of curing
 B - a potion of lignification
 F - 3 potions of mutation
 G - a potion of degeneration
 I - a potion of cure mutation
 U - a potion of might
Books
 b - a book of Conjurations

   Spells                             Type                      Level
   a - Magic Dart                     Conjuration                  1
   b - Searing Ray                    Conjuration                  2
   c - Dazzling Spray                 Conjuration/Hexes            3
   d - Fulminant Prism                Conjuration/Hexes            4
   e - Iskenderun's Mystic Blast      Conjuration                  4
   f - Iskenderun's Battlesphere      Conjuration/Charms           5
 V - a book of Alchemy

   Spells                             Type                      Level
   a - Sublimation of Blood           Necromancy                   2
   b - Ignite Poison                  Fire/Transmutation/Poison    3
   c - Alistair's Intoxication        Transmutation/Poison         4
   d - Condensation Shield            Ice                          4
   e - Petrify                        Transmutation/Earth          4
   f - Irradiate                      Conjuration/Transmutation    5
Comestibles
 c - 10 bread rations
 g - 10 fruits
 h - 5 meat rations
 C - 2 slices of pizza
 P - a beef jerky


   Skills:
 + Level 6.0 Fighting
 - Level 10.0 Dodging
 - Level 2.4 Stealth
 - Level 11.3 Spellcasting
 - Level 11.3 Conjurations
 - Level 10.6 Charms


You had 26 spell levels left.
You knew the following spells:

 Your Spells              Type           Power        Failure   Level  Hunger
a - Magic Dart            Conj           ####         1%          1    None
b - Iskenderun's Battles  Conj/Chrm      ######..     1%          5    ###....


Dungeon Overview and Level Annotations

Branches:
Dungeon (10/15)            Temple (1/1) D:4
   Lair: D:8-11         Orc: D:9-12

Altars:
Ashenzari
Cheibriados
Dithmenos
Elyvilon
Fedhas
Gozag
Kikubaaqudgha
Makhleb
Nemelex Xobeh
Okawaru
Qazlal
Ru
Sif Muna
Trog
Vehumet
Xom
Yredelemnul
Zin
The Shining One

Shops:
D:5 !=:*(

Annotations:
D:10 Maud


Message History

Press: ? - help, Shift-Dir - straight line, f/p - Maud
Aim: Maud, wielding a glaive of protection and wearing a plate armour (severely wounded)
The magic dart hits Maud.
Maud is severely wounded.
Your battlesphere fires!
The barrage of energy hits Maud.
Maud is severely wounded.
Maud hits you from afar with a glaive of protection!
* * * LOW HITPOINT WARNING * * *
Press: ? - help, v - describe, . - travel
Here: Maud, wielding a glaive of protection and wearing a plate armour (severely wounded)
The floor, spattered with blood.
Level annotation: Maud Welcome back, radek the Deep Elf Conjurer.
Vehumet says: Let it end in hellfire!
Press ? for a list of commands and other information.
Drink which item? (? for menu, Esc to quit)
You fade into invisibility!
Maud hits you from afar with a glaive of protection!!
You die...

##.#.#...............
#####.....#.............#
##..#.#....##...........#.
#..........#..............
##....##..#.............รท.
#..[...................#..
##.#......................
#......##...............##
##.#.###.@..*...........#
##...##................#
####.##..@..............#
##.#.##......#...........#
.....#......##..........# ##..
#.........)............##
....@#.#.#.........[)..........#
........?.#....#..[............#
.... .#.#.#...................#


You could see Maud.

Vanquished Creatures
  Erica (D:8)
  4 hill giants (D:10)
  Pikel (D:6)
  3 trolls
  4 polar bears
  Prince Ribbit (D:6)
  A spriggan (D:7)
  9 yaks
  A hippogriff (D:7)
  Menkaure (D:6)
  A wolf (D:9)
  4 water moccasins
  The ghost of BlindIo the Sneak, an amateur SpAs (D:3)
  Duvessa (D:6)
  2 sky beasts
  An eye of draining (D:10)
  A necrophage (D:6)
  A black bear (D:8)
  A phantom (D:9)
  9 ice beasts
  A centaur (D:10)
  A wasp (D:7)
  3 ogres
  A gnoll sergeant (D:9)
  A giant frog (D:8)
  Dowan (D:6)
  A water moccasin zombie (D:10)
  2 scorpions
  3 wights
  9 killer bees
  4 crimson imps
  A wyvern simulacrum (D:9)
  A giant frog zombie (D:5)
  2 electric eels (D:9)
  A centaur zombie (D:8)
  10 hounds
  10 orc priests
  3 centaur skeletons
  A giant frog skeleton (D:6)
  2 iguanas
  11 orc wizards
  5 worker ants
  2 hound zombies
  13 adders
  2 gnolls (D:9)
  4 shadow imps
  2 white imps (D:9)
  3 ufetubi
  An ooze (D:7)
  An adder zombie (D:9)
  5 worms
  4 giant geckos
  44 orcs
  A ball python (D:1)
  9 giant cockroaches
  10 goblins
  12 hobgoblins
  13 jackals
  7 kobolds
  10 bats
  A giant gecko zombie (D:7)
  8 giant newts
  3 quokkas
  11 rats
288 creatures vanquished.

Notes
Turn   | Place    | Note
--------------------------------------------------------------
     0 | D:1      | radek the Deep Elf Conjurer began the quest for the Orb.
     0 | D:1      | Reached XP level 1. HP: 10/10 MP: 6/6
   511 | D:1      | Reached XP level 2. HP: 15/15 MP: 0/8
   657 | D:1      | Reached skill level 5 in Conjurations
   794 | D:1      | You fall through a shaft!
  1038 | D:2      | Reached XP level 3. HP: 19/19 MP: 6/9
  1493 | D:2      | Reached skill level 6 in Conjurations
  1672 | D:2      | Reached XP level 4. HP: 21/24 MP: 7/10
  2422 | D:3      | Noticed an ogre
  2429 | D:3      | Killed an ogre
  2429 | D:3      | Reached skill level 7 in Conjurations
  2429 | D:3      | Reached XP level 5. HP: 11/28 MP: 0/11
  2741 | D:3      | Learned a level 5 spell: Iskenderun's Battlesphere
  2832 | D:3      | Noticed BlindIo's ghost (amateur SpAs)
  2841 | D:3      | Killed BlindIo's ghost
  2841 | D:3      | Reached XP level 6. HP: 32/32 MP: 2/12
  3414 | D:3      | Found a burning altar of Makhleb.
  3597 | D:3      | Noticed an ice beast
  3606 | D:3      | Killed an ice beast
  3606 | D:3      | Reached skill level 5 in Charms
  3767 | D:3      | Found a shadowy altar of Dithmenos.
  4080 | D:4      | Found a staircase to the Ecumenical Temple.
  4379 | D:4      | Reached XP level 7. HP: 36/36 MP: 0/13
  4681 | Temple   | Entered the Ecumenical Temple
  4914 | D:4      | Reached skill level 8 in Charms
  5144 | D:4      | Found an opulent altar of Gozag.
  5161 | D:4      | Reached skill level 9 in Charms
  5578 | D:5      | Entered Level 5 of the Dungeon
  5717 | D:5      | Found Geocanug's Book Emporium.
  5732 | D:5      | Reached skill level 10 in Charms
  5977 | D:5      | Found Wurick's General Store.
  5983 | D:5      | Bought a potion of curing for 30 gold pieces
  5988 | D:5      | Found Zov Coi's Antique Weapon Boutique.
  6096 | D:5      | Reached XP level 8. HP: 41/41 MP: 4/14
  6287 | D:5      | Found Iroq's Distillery.
  6290 | D:5      | Bought a potion of mutation for 35 gold pieces
  6290 | D:5      | Bought a potion of degeneration for 14 gold pieces
  6290 | D:5      | Bought a potion of heal wounds for 70 gold pieces
  6302 | D:5      | Found a deep blue altar of Sif Muna.
  6518 | D:5      | Found Zeypatae's Jewellery Emporium.
  6654 | D:5      | Reached skill level 5 in Spellcasting
  6819 | D:6      | Noticed Menkaure
  6822 | D:6      | Killed Menkaure
  6896 | D:6      | Noticed Duvessa
  6897 | D:6      | Noticed Dowan
  6913 | D:6      | Killed Duvessa
  6920 | D:6      | Killed Dowan
  7186 | D:6      | Noticed Prince Ribbit
  7190 | D:6      | Killed Prince Ribbit
  7195 | D:6      | Reached skill level 10 in Spellcasting
  7195 | D:6      | Reached XP level 9. HP: 45/45 MP: 13/25
  7265 | D:6      | Noticed Pikel
  7274 | D:6      | Killed Pikel
  7274 | D:6      | Reached skill level 11 in Spellcasting
  9003 | D:8      | Reached skill level 10 in Conjurations
  9287 | D:8      | Noticed Erica
  9298 | D:8      | Killed Erica
  9298 | D:8      | Reached XP level 10. HP: 31/50 MP: 8/27
  9498 | D:8      | Got an encrusted shortbow
  9499 | D:8      | Identified the +5 shortbow of the Rattle-Snake {flame, Dex+4} (You found it on level 8 of the Dungeon)
 10223 | D:8      | Reached skill level 5 in Dodging
 11523 | D:9      | Reached skill level 10 in Dodging
 11528 | D:9      | Reached XP level 11. HP: 54/54 MP: 11/28
 11673 | D:9      | Found a sacrificial altar of Ru.
 11809 | D:9      | Reached skill level 1 in Fighting
 11963 | D:9      | Found a glowing golden altar of the Shining One.
 11967 | D:9      | Found a radiant altar of Vehumet.
 11971 | D:9      | Became a worshipper of Vehumet
 12053 | D:10     | Entered Level 10 of the Dungeon
 12081 | D:10     | Noticed a hill giant
 12090 | D:10     | Killed a hill giant
 12337 | D:10     | Noticed a hill giant
 12343 | D:10     | Killed a hill giant
 12460 | D:10     | Noticed Maud
 12536 | D:10     | Noticed a hill giant
 12542 | D:10     | Killed a hill giant
 12608 | D:10     | Noticed a hill giant
 12620 | D:10     | Killed a hill giant
 12620 | D:10     | Reached skill level 5 in Fighting
 13331 | D:10     | Reached * piety under Vehumet
 13331 | D:10     | Offered knowledge of Flame Tongue by Vehumet.
 13609 | D:10     | HP: 2/64 [Maud/glaive of protection (20)]
 13612 | D:10     | Annihilated by Maud

Action                   |  1- 3 |  4- 6 |  7- 9 | 10-12 || total
-------------------------+-------+-------+-------+-------++-------
Melee: Unarmed           |       |     1 |       |       ||     1
       Morningstar       |       |       |     6 |       ||     6
 Cast: Magic Dart        |    89 |   162 |   254 |   249 ||   754
       Iskenderun's Batt |       |     2 |    30 |    47 ||    79
  Use: Scroll            |       |    10 |     6 |     5 ||    21
       Potion            |       |       |     2 |     7 ||     9
  Eat: Chunk             |     2 |     3 |    10 |    16 ||    31
       Meat ration       |       |     1 |     1 |       ||     2
       Beef jerky        |       |       |     3 |     2 ||     5
       Pizza             |       |       |     1 |       ||     1
